 Dungeon Crawl Stone Soup version 0.30-a0-870-gc5d4c5acee (webtiles) character file.

Game seed: 11874902121842250053

12 Indecide the Sneak (level 2, 15/15 HPs)
             Began as a Kobold Enchanter on Mar 12, 2023.
             Quit the game on level 1 of the Dungeon.
             The game lasted 00:06:08 (400 turns).

Indecide the Sneak (Kobold Enchanter)                Turns: 400, Time: 00:06:09

Health: 15/15      AC:  2    Str:  5    XL:     2   Next: 45%
Magic:  5/5        EV: 15    Int: 16    God:
Gold:   15         SH:  0    Dex: 15    Spells: 5/5 levels left

rFire   . . .      SeeInvis .    a - +1 dagger
rCold   . . .      Faith    .    (no shield)
rNeg    . . .      Spirit   .    b - +0 robe
rPois   .          Reflect  .    (no helmet)
rElec   .          Rampage  .    (no cloak)
rCorr   .                        (no gloves)
Will    .....                    (no boots)
Stlth   ++++                     (no amulet)
HPRegen 0.22/turn                (no ring)
MPRegen 0.09/turn                (no ring)

@: no status effects
A: small, no large weapons, nightstalker 3
a: no special abilities


You were on level 1 of the Dungeon.
You visited 1 branch of the dungeon, and saw 1 of its levels.

You collected 15 gold pieces.

Inventory:

Hand Weapons
 a - a +1 dagger (weapon)
 f - a +0 rapier
 j - a +0 club
 k - a +0 club
 l - a +3 short sword
Missiles
 d - 3 boomerangs (quivered)
 m - 3 stones
Armour
 b - a +0 robe (worn)
 i - a +0 chain mail
Scrolls
 h - a scroll of poison {unknown}
Potions
 c - 2 potions of invisibility
 e - a potion of lignification {unknown}
 g - a potion of curing {unknown}


   Skills:
 + Level 1.5 Short Blades
 + Level 0.1 Throwing
 + Level 2.5 Dodging
 + Level 4.4 Stealth
 + Level 2.2 Spellcasting
 + Level 3.3 Hexes


You had 5 spell levels left.
You didn't know any spells.
Your spell library contained the following spells:

 Spells                   Type           Power      Damage    Failure   Level
 Ensorcelled Hibernation  Hex/Ice        14%        N/A       16%         2
 Confusing Touch          Hex            12%        N/A       16%         3
 Tukima's Dance           Hex            12%        N/A       16%         3
 Summon Small Mammal      Summ           4%         N/A       21%         1
 Dazzling Flash           Conj/Hex       14%        N/A       30%         3
 Summon Guardian Golem    Hex/Summ       7%         N/A       30%         3
 Call Canine Familiar     Summ           1%         N/A       52%         3


Dungeon Overview and Level Annotations

Branches:
Dungeon (1/15)

Altars:


Innate Abilities, Weirdness & Mutations

You are small and have problems with some larger weapons.
You are completely attuned to the shadows.


Message History

Aim: a rat (about 36% to evade your +1 dagger)
You closely miss the rat. The rat completely misses you.
Hit: a) +1 dagger
Press: ? - help, Dir - move target, f/p - rat
Aim: a rat (about 36% to evade your +1 dagger)
You barely miss the rat. The rat barely misses you.
Hit: a) +1 dagger
Press: ? - help, Dir - move target, f/p - rat
Aim: a rat (about 36% to evade your +1 dagger)
The kobold shouts!
You hit the rat.
You kill the rat!
There are no items here.
Throw: 3 boomerangs
Press: ? - help, Q - select action Shift-Dir - straight line, f - kobold
Aim: a kobold, wielding a +3 short sword (50% to hit)
You throw a boomerang. The boomerang hits the kobold.
The kobold is severely wounded.
Hit: a) +1 dagger
Press: ? - help, Dir - move target, f/p - kobold
Aim: a kobold, wielding a +3 short sword (moderately wounded, about 42% to evade your +1 dagger)
You barely miss the kobold.
The kobold is moderately wounded.
The kobold hits you with a +3 short sword.
Hit: a) +1 dagger
Press: ? - help, Dir - move target, f/p - kobold
Aim: a kobold, wielding a +3 short sword (moderately wounded, about 42% to evade your +1 dagger)
You hit the kobold but do no damage.
The kobold is moderately wounded.
The kobold barely misses you.
Hit: a) +1 dagger
Press: ? - help, Dir - move target, f/p - kobold
Aim: a kobold, wielding a +3 short sword (moderately wounded, about 42% to evade your +1 dagger)
You hit the kobold.
You kill the kobold!
Items here: ( )) †.
k - a +0 club;
l - a +3 short sword;
m - 3 stones Welcome back, Indecide the Kobold Enchanter.
Press ? for a list of commands and other information.
Are you sure you want to abandon this character and quit the game? (Confirm with "yes".)

#....##.#
.....#....##.#
..........##.#
.....##...##.#
.....##...##.#
.............#
#######.######
#......
#.@....
#.##### #. #.
#.


There were no monsters in sight!

Vanquished Creatures
  A dart slug (D:1)
  2 endoplasms (D:1)
  A goblin (D:1)
  A hobgoblin (D:1)
  A bat (D:1)
  A frilled lizard (D:1)
  2 kobolds (D:1)
  2 rats (D:1)
11 creatures vanquished.

Notes
Turn   | Place    | Note
-------+----------+-------------------------------------------
     0 | D:1      | Indecide the Kobold Enchanter began the quest for the Orb.
     0 | D:1      | Reached XP level 1. HP: 10/10 MP: 3/3
   199 | D:1      | Reached XP level 2. HP: 13/15 MP: 5/5
   400 | D:1      | Quit the game

Illustrated notes

Levels and vault maps discovered:
D:1:      ebering_trefoil_3fold, layout_basic

Action                     || total
---------------------------++-------
  Melee: Dagger            ||    21
  Throw: Boomerang         ||    16
 Armour: Robe              ||     4
  Dodge: Dodged            ||    10

Table legend: (Time is in decaauts)
 A = Elapsed time spent in this place.
 B = Non-inter-level travel time spent in this place.
 C = Inter-level travel time spent in this place.
 D = Time resting spent in this place.
 E = Time spent auto-exploring this place.
 F = Levels seen in this place.
 G = Mean time per level.
                   A        B        C        D        E       F      G
               +--------+--------+--------+--------+--------+-----+--------+
         Total |    403 |    403 |      0 |     22 |     70 |   1 |  403.0 |
       Dungeon |    403 |    403 |      0 |     22 |     70 |   1 |  403.0 |
               +--------+--------+--------+--------+--------+-----+--------+

Top non-repeatable levels by time:
     D:1: 403 daAuts
